 Dungeon Crawl Stone Soup version 0.23-a0-315-ga85b81c (webtiles) character file.

513 drasked the Cudgeler (level 7, -2/62 HPs)
             Began as a Hill Orc Monk on Oct 13, 2018.
             Was a Believer of Beogh.
             Slain by a wight
             ... wielding a cursed +3 great sword
              (14 damage)
             ... on level 5 of the Dungeon.
             The game lasted 00:13:10 (6102 turns).

drasked the Cudgeler (Hill Orc Monk)                Turns: 6102, Time: 00:13:11

Health: -2/62      AC:  8    Str: 16      XL:     7   Next: 19%
Magic:  7/7        EV:  6    Int: 15      God:    Beogh [**....]
Gold:   148        SH:  0    Dex:  8 (13) Spells: 6/6 levels left

rFire    . . .     SeeInvis .   a - +1 mace
rCold    . . .     Gourm    .   (no shield)
rNeg     . . .     Faith    .   k - +0 chain mail
rPois    .         Spirit   .   (no helmet)
rElec    .         Reflect  .   (no cloak)
rCorr    .         Harm     .   (no gloves)
MR       .....                  (no boots)
Stlth    ..........             (no amulet)
HPRegen  0.20/turn              (no ring)
MPRegen  0.10/turn              (no ring)

@: brilliant, heavily drained
A: no striking features
a: Smiting, Renounce Religion


You were on level 5 of the Dungeon.
You worshipped Beogh.
Beogh was pleased with you.
You were not hungry.

You visited 2 branches of the dungeon, and saw 6 of its levels.

You collected 148 gold pieces.

Inventory:

Hand Weapons
 a - a +1 mace (weapon)
Armour
 k - a +0 chain mail (worn)
   (You took it off an orc on level 3 of the Dungeon)
Scrolls
 g - a scroll of remove curse
 n - 2 scrolls of identify
Potions
 e - a potion of agility {unknown}
 f - 3 potions of curing
 h - a potion of haste {unknown}
 i - a potion of ambrosia
 j - a potion of resistance
 p - a potion of lignification {unknown}
 q - a potion of cancellation
Comestibles
 c - 5 rations
 d - 4 chunks of flesh {@w0}


   Skills:
 + Level 5.7(3.9) Fighting
 * Level 6.6(4.8) Maces & Flails
 + Level 3.7(2.0) Armour
 - Level 2.4(0.8) Dodging
 - Level 1.5(0.0) Stealth


You had 6 spell levels left.
You didn't know any spells.
Your spell library was empty.

Dungeon Overview and Level Annotations

Branches:
Dungeon (5/15)             Temple (1/1) D:4

Altars:
Dithmenos
Elyvilon
Fedhas
Gozag
Hepliaklqana
Kikubaaqudgha
Makhleb
Nemelex Xobeh
Qazlal
Ru
Trog
Vehumet
Wu Jian
Xom
Yredelemnul
Zin
The Shining One


Message History

You hit the worker ant but do no damage.
The worker ant bites you but does no damage.
You hit the worker ant.
A wight comes into view. It is wielding a hand axe.
The worker ant bites you but does no damage.
You sock the worker ant!
The worker ant bites you but does no damage.
You hit the worker ant.
You kill the worker ant!
Beogh accepts your kill.
You feel your dexterity returning.
There is an open door here.
You see here a hound skeleton.
A hound skeleton.
The floor.
There isn't anything to butcher here. 2 wights come into view.
A wight comes into view. It is wielding an enchanted dagger.
There is an open door here.
You see here a hound skeleton.
You close the door.
A wight opens the door.
The wight hits you with a hand axe.
You feel drained.
There is an open door here.
You take 6 damage, and have 37/61 hp.
You see here a hound skeleton.
As you read the scroll of teleportation, it crumbles to dust.
You feel strangely unstable. The wight hits you with a hand axe.
You feel drained.
You take 1 damage, and have 36/61 hp.
Your surroundings suddenly seem different.
There is an open door here.
There isn't anything here!
There is an open door here.
You close the door.
As you open the door, it creaks loudly!
You close the door.
You start resting.
Something unseen opens the door.
You regained 2 hp, and now have 41/61 hp.
You start resting.
The wight is too close now for your liking.
You thump the wight! The wight hits you with a hand axe.
You take 1 damage, and have 40/61 hp.
You closely miss the wight. The wight hits you with a hand axe.
You take 2 damage, and have 38/61 hp.
You hit the wight. The wight hits you but does no damage.
You sock the wight!
You destroy the wight!
Beogh accepts your kill.
Things that are here:
a hand axe; a robe; 26 gold pieces You barely miss the wight.
The wight barely misses you.
You hit the wight but do no damage. The wight hits you but does no damage.
You barely miss the wight. The wight hits you but does no damage.
Your chain mail prevents you from hitting the wight.
The wight hits you with an enchanted great sword!
The wight barely misses you.
You take 10 damage, and have 31/62 hp.
You hit the wight but do no damage. The wight barely misses you.
The wight hits you but does no damage.
You hit the wight but do no damage. The wight hits you but does no damage.
The wight barely misses you.
You hit the wight but do no damage.
The wight hits you with an enchanted dagger.
You feel drained. The wight hits you but does no damage.
You take 2 damage, and have 29/62 hp.
You closely miss the wight. The wight closely misses you.
The wight barely misses you.
You closely miss the wight.
The wight hits you with an enchanted dagger.
You feel drained. The wight barely misses you.
You take 1 damage, and have 28/62 hp.
Okay, then.
You hit the wight. The wight completely misses you.
The wight hits you from afar with an enchanted trident.
You feel drained. The wight hits you but does no damage.
You take 1 damage, and have 27/62 hp.
You closely miss the wight.
The wight hits you with an enchanted great sword!
* * * LOW HITPOINT WARNING * * *
You feel drained.
* * * LOW HITPOINT WARNING * * *
The wight hits you from afar with an enchanted trident.
* * * LOW HITPOINT WARNING * * *
You feel drained. The wight barely misses you.
You take 16 damage, and have 11/62 hp.
MASSIVE DAMAGE!!
It was a potion of cancellation.
You feel magically purged. The wight barely misses you.
The wight hits you but does no damage. x2
It was a potion of brilliance.
You feel clever all of a sudden.
The wight hits you but does no damage. x2
The wight hits you with an enchanted great sword!
You die...

...#..###รท.#*,,**#####*
...#....z..#######...##
[..#...z..............#
...'..................#
...#..................#
...#..............z...#
...#..####+##.........#
...#..#**,,*######z####
...+...,,,,**,,#@z....#
...#....,,,,,,,#.z....#
...#..##,,,**,,#......#
,,,*,,**,,,**,,#......#
,,,*,,,,,,,,,,,#......#
,,,*,,,,,,,,,,,#......#
,,,,,*********,#......#
#***** **######## #


You could see 3 wights.

Vanquished Creatures
  A bullfrog (D:5)
  A wight (D:5)
  A quasit (D:5)
  A crimson imp (D:5)
  3 hounds
  2 orc wizards (D:4)
  2 worker ants (D:5)
  7 adders
  An ooze (D:5)
  A worm (D:2)
  2 dart slugs
  A leopard gecko (D:1)
  9 orcs
  10 bats
  3 giant cockroaches
  7 goblins
  11 hobgoblins
  6 kobolds
  2 ball pythons (D:3)
  6 frilled lizards
  7 rats
84 creatures vanquished.

Vanquished Creatures (others)
  An orc priest (D:4)
  A bullfrog skeleton (D:4)
  2 orcs (D:4)
4 creatures vanquished.

Grand Total: 88 creatures vanquished

Notes
Turn   | Place    | Note
-------+----------+-------------------------------------------
     0 | D:1      | drasked the Hill Orc Monk began the quest for the Orb.
     0 | D:1      | Reached XP level 1. HP: 19/19 MP: 1/1
    90 | D:1      | Reached XP level 2. HP: 11/27 MP: 2/2
   499 | D:1      | HP: 6/27 [hobgoblin (1)]
   504 | D:1      | HP: 4/27 [giant cockroach (1)]
   778 | D:1      | Reached skill level 1 in Armour
  1057 | D:1      | Reached skill level 4 in Fighting
  1122 | D:1      | Reached XP level 3. HP: 33/33 MP: 3/3
  1141 | D:1      | Reached skill level 4 in Maces & Flails
  1552 | D:2      | HP: 8/33 [poisoned by an adder]
  1559 | D:2      | HP: 7/33 [poisoned by an adder]
  1567 | D:2      | HP: 5/33 [poisoned by an adder]
  1879 | D:2      | Reached XP level 4. HP: 30/40 MP: 4/4
  2181 | D:2      | Found a basalt altar of Yredelemnul.
  2902 | D:3      | Reached skill level 2 in Armour
  3687 | D:4      | Found a staircase to the Ecumenical Temple.
  3692 | Temple   | Entered the Ecumenical Temple
  3862 | D:4      | Became a worshipper of Beogh the Brigand
  3862 | D:4      | Reached * piety under Beogh
  3862 | D:4      | Reached ** piety under Beogh
  3913 | D:4      | Reached skill level 5 in Maces & Flails
  3913 | D:4      | Reached XP level 5. HP: 36/47 MP: 5/5
  5023 | D:5      | Entered Level 5 of the Dungeon
  5071 | D:5      | Reached skill level 5 in Fighting
  5071 | D:5      | Reached XP level 6. HP: 23/56 MP: 6/6
  5360 | D:5      | Reached skill level 3 in Armour
  5383 | D:5      | Found a hazy altar of Hepliaklqana.
  5701 | D:5      | Reached skill level 6 in Maces & Flails
  6002 | D:5      | Reached XP level 7. HP: 33/61 MP: 7/7
  6100 | D:5      | HP: 12/62 [wight/enchanted great sword (5)]
  6102 | D:5      | Slain by a wight

Vault maps used:
D:1:      doesnt_arrival_eight_statues
D:2:      yredelemnul_altar_generic
D:4:      temple_doors_e, first_ration
D:5:      kennysheep_mini_moat
Temple:   eino_temple_rhombus

Skill      XL: |  1  2  3  4  5  6 |
---------------+-------------------+-----
Armour         | 1 2 3 |  3.7
Fighting       | 4 5 |  5.7
Maces & Flails | 4 5 6 |  6.6
Dodging        | |  2.4
Stealth        | |  1.5

Action                   |  1- 3 |  4- 6 |  7- 9 || total
-------------------------+-------+-------+-------++-------
Melee: Mace              |   134 |   264 |    20 ||   418
Invok: Convert to Beogh  |       |     1 |       ||     1
  Use: Scroll            |     3 |     9 |     1 ||    13
       Potion            |     1 |       |     2 ||     3
 Stab: Sleeping          |     4 |     2 |       ||     6
  Eat: Chunk             |     3 |     7 |       ||    10
       Ration            |       |     2 |       ||     2
Armor: Robe              |    35 |     4 |       ||    39
       Chain mail        |       |   226 |    15 ||   241
Dodge: Dodged            |   133 |   138 |    10 ||   281

Table legend:
 A = Non-vault XP
 B = Vault XP
 C = Vault XP percentage of total XP
 D = Non-vault monster count
 E = Vault monster count
 F = Vault count percentage of total count
                 A         B        C        D         E       F
            +---------+---------+-------+---------+---------+-------
      Total |     733 |       0 |   0.0 |      84 |       0 |   0.0
            +---------+---------+-------+---------+---------+-------
        D:1 |      41 |       0 |   0.0 |      22 |       0 |   0.0
        D:2 |      67 |       0 |   0.0 |      23 |       0 |   0.0
        D:3 |      45 |       0 |   0.0 |      14 |       0 |   0.0
        D:4 |     129 |       0 |   0.0 |      10 |       0 |   0.0
        D:5 |     451 |       0 |   0.0 |      15 |       0 |   0.0
            +---------+---------+-------+---------+---------+-------

Vault maps used:
D:1:      doesnt_arrival_eight_statues
D:2:      yredelemnul_altar_generic
D:4:      temple_doors_e, first_ration
D:5:      kennysheep_mini_moat
Temple:   eino_temple_rhombus

Table legend:
 A = Turns spent in this place as a percentage of turns spent in the entire game.
 B = Non-inter-level travel turns spent in this place as a percentage of non-inter-level travel turns spent in the entire game.
 C = Inter-level travel turns spent in this place as a percentage of turns spent in this place.
 D = Turns resting spent in this place as a percentage of non-inter-level travel turns spent in this place.
 E = Turns spent auto-exploring this place as a percentage of non-inter-level travel turns spent in this place.
 F = Non-inter-level travel turns spent in this place divided by the number of levels of this place that you've seen.
                   A       B       C       D       E      F
               +-------+-------+-------+-------+-------+----------------------
         Total | 100.0 | 100.0 |   1.7 |  33.9 |  49.3 | 1000.0
       Dungeon |  97.9 |  98.0 |   1.6 |  34.6 |  48.4 | 1176.0
        Temple |   2.1 |   2.0 |   7.0 |   0.0 |  98.3 | 120.0
               +-------+-------+-------+-------+-------+----------------------

Table legend:
 A = Kills in this place as a percentage of kills in entire the game.
 B = Kills by you in this place as a percentage of kills by you in the entire game.
 C = Kills by friends in this place as a percentage of kills by friends in the entire game.
 D = Other kills in this place as a percentage of other kills in the entire game.
 E = Experience gained in this place as a percentage of experience gained in the entire game.
 F = Experience gained in this place divided by the number of levels of this place that you have seen.
                   A       B       C       D       E      F
               +-------+-------+-------+-------+-------+----------------------
         Total | 100.0 | 100.0 |   N/A |   N/A | 100.0 | 122.2
       Dungeon | 100.0 | 100.0 |   N/A |   N/A | 100.0 | 146.6
               +-------+-------+-------+-------+-------+----------------------
